 Dungeon Crawl Stone Soup version 0.23-a0-625-g1d2cd9b (console) character file.

2737 bli the Magician (level 9, -8/63 HPs)
             Began as a Purple Draconian Fire Elementalist on Dec 24, 2018.
             Was a Priest of Makhleb.
             Mangled by an iguana (12 damage)
             ... on level 7 of the Dungeon on Dec 25, 2018.
             The game lasted 00:32:26 (7198 turns).

bli the Magician (DrFE)                             Turns: 7198, Time: 00:32:27

Health: -8/63      AC:  9    Str: 11    XL:     9   Next: 40%
Magic:  18/19      EV: 13    Int: 17    God:    Makhleb [***...]
Gold:   383        SH:  0    Dex: 13    Spells: 9/22 levels left

rFire    + . .     SeeInvis .   a - +2 long sword (holy)
rCold    + . .     Gourm    .   (no shield)
rNeg     . . .     Faith    .   (armour unavailable)
rPois    .         Spirit   .   t - +0 hat
rElec    .         Reflect  .   H - +0 cloak (curse)
rCorr    .         Harm     .   (no gloves)
MR       +....                  u - +0 pair of boots
Stlth    ++........             G - amulet of the acrobat
HPRegen  0.20/turn              q - ring of protection from fire
MPRegen  0.16/turn              (no ring)

@: drained
A: breathe power, unfitting armour, cold resistance 1, frail 1, cold-blooded, AC
+7
a: Breathe Dispelling Energy, Minor Destruction, Lesser Servant of Makhleb,
Renounce Religion


You were on level 7 of the Dungeon.
You worshipped Makhleb.
Makhleb was most pleased with you.
You were not hungry.

You visited 1 branch of the dungeon, and saw 7 of its levels.

You collected 383 gold pieces.

Inventory:

Hand Weapons
 a - a +2 long sword of holy wrath (weapon)
 b - a +1 rapier of protection
 d - a +0 spear
 g - a +4 dagger
 x - a +2 flail of protection
 y - a +2 dagger
 A - a +3 war axe
 D - a +0 scimitar
 I - a +3 flail of freezing
Missiles
 c - 254 stones (quivered)
 z - a throwing net
Armour
 k - a +0 cloak
 t - a +0 hat (worn)
 u - a +0 pair of boots (worn)
 H - a cursed +0 cloak (worn)
Jewellery
 q - a ring of protection from fire (left hand)
 G - an amulet of the acrobat (around neck)
Wands
 B - a wand of acid (2)
Scrolls
 f - 2 scrolls of fear {unknown}
 i - a scroll of immolation {unknown}
 j - a scroll of blinking {unknown}
 m - a scroll of noise {unknown}
 n - a scroll of random uselessness
 s - 2 scrolls of teleportation {unknown}
 w - a scroll of enchant weapon
 E - a scroll of enchant armour {unknown}
 F - a scroll of vulnerability
 J - a scroll of remove curse {unknown}
Potions
 e - 2 potions of heal wounds
 h - 3 potions of mutation
 l - 2 potions of brilliance
 o - 4 potions of curing
 p - a potion of magic
 r - a potion of flight
 v - a potion of resistance
Comestibles
 C - 12 rations
 K - a chunk of flesh


   Skills:
 + Level 3.8(3.6) Fighting
 * Level 5.9(5.6) Long Blades
 - Level 2.3(2.1) Polearms
 + Level 3.6(3.3) Dodging
 + Level 3.0(2.8) Stealth
 + Level 7.2(6.9) Spellcasting
 + Level 5.3(5.0) Conjurations
 * Level 5.5(5.2) Fire Magic


You had 9 spell levels left.
You knew the following spells:

 Your Spells              Type           Power        Failure   Level  Hunger
a - Flame Tongue          Conj/Fire      ###..        1%          1    None
b - Fireball              Conj/Fire      ###.......   36%         5    #####..
s - Sticky Flame          Conj/Fire      ###.....     14%         4    ####...
R - Regeneration          Chrm/Necr      #.........   34%         3    ##.....

Your spell library contained the following spells:

 Spells                   Type           Power        Failure   Level  Hunger
 Throw Flame              Conj/Fire      ###...       1%          2    None
 Conjure Flame            Conj/Fire      ###.....     4%          3    ##.....
 Inner Flame              Hex/Fire       ##......     12%         3    ##.....
 Bolt of Draining         Conj/Necr      ##........   75%         5    #####..
 Discord                  Hex            #.........   100%        8    #######


Dungeon Overview and Level Annotations

Branches:
Dungeon (7/15)             Temple (0/1) D:5

Altars:
Ashenzari
Cheibriados
Dithmenos
Gozag
Hepliaklqana
Makhleb
Okawaru
Qazlal
Trog
Uskayaw
Xom
Yredelemnul

Shops:
D:5 %


Innate Abilities, Weirdness & Mutations

You can breathe bolts of dispelling energy.
Your rich purple scales are hard. (AC +7)
You cannot fit into any form of body armour.
You are cold-blooded and may be slowed by cold attacks.
Your flesh is cold resistant. (rC+)
You are frail. (-10% HP)


Message History

Something hits you but does no damage.
Found a scale mail.
An iguana, a scorpion, an orc warrior and a centaur come into view.
The iguana hisses angrily.
The orc shouts!
The centaur shouts!
The orc warrior The orc closely misses you.
The orc warrior completely misses you.
The iguana
* * * LOW HITPOINT WARNING * * *
Found 14 stones and a dagger.
There is an open door here.
You barely miss the orc. Something hits you.
* * * LOW HITPOINT WARNING * * *
The iguana closely misses you. The orc hits you with a +0 hand axe.
* * * LOW HITPOINT WARNING * * *
The orc warrior hits you from afar with a +0 trident.
* * * LOW HITPOINT WARNING * * *
You hit the iguana.
The iguana is lightly wounded.
Something hits you.
* * * LOW HITPOINT WARNING * * *
The iguana bites you!
You die...

#........# #..#
####.....# #..# #
#.....######># #
#...........##
###########.# #.#
#.##################
#.#..)#.....#.....#.
#.#s8c#.....#.....#.
#.#olo#..#..#..#..#.
#.#@###..#..#..#..#.
#.#......#.....#....
#.#......#.....#....
#.##################
#...................
#...................
####################
.....#.....#....
......#.....#....
+###..#..#..#..#.
#..#..#..#..#.


You could see an orc warrior, a centaur, a scorpion, an iguana and an orc.

Vanquished Creatures
  Menkaure (D:4)
  A sky beast (D:7)
  2 ice beasts
  2 ogres
  3 black bears
  2 phantoms
  A centaur (D:5)
  Blork the orc (D:4)
  A bullfrog (D:7)
  3 scorpions
  A vampire bat (D:3)
  8 wights
  A crimson imp (D:6)
  A centaur zombie (D:6)
  A quasit (D:6)
  2 jellies
  A centaur skeleton (D:4)
  2 hounds (D:4)
  An orc priest (D:3)
  5 orc wizards
  Jessica (D:2)
  3 iguanas
  8 worker ants
  Robin (D:2)
  4 gnolls
  10 adders
  An adder skeleton (D:5)
  An adder zombie (D:5)
  3 worms
  2 dart slugs
  2 leopard geckos
  24 orcs
  18 bats
  5 giant cockroaches
  9 goblins
  13 hobgoblins
  2 jackals (D:7)
  5 quokkas
  2 ball pythons
  4 frilled lizards
  4 kobolds
  A quokka skeleton (D:3)
  7 rats
170 creatures vanquished.

Notes
Turn   | Place    | Note
-------+----------+-------------------------------------------
     0 | D:1      | bli the Draconian Fire Elementalist began the quest for the
                  | Orb.
     0 | D:1      | Reached XP level 1. HP: 14/14 MP: 3/3
   153 | D:1      | Reached XP level 2. HP: 4/20 MP: 0/5
   474 | D:1      | Reached skill level 3 in Spellcasting
   583 | D:1      | Reached XP level 3. HP: 26/26 MP: 4/7
   682 | D:1      | Reached skill level 1 in Polearms
   833 | D:2      | Noticed Robin
   843 | D:2      | Killed Robin
  1101 | D:2      | Noticed Jessica
  1104 | D:2      | Killed Jessica
  1104 | D:2      | Reached skill level 1 in Fighting
  1104 | D:2      | Reached XP level 4. HP: 35/35 MP: 5/9
  1382 | D:2      | Reached skill level 4 in Spellcasting
  1591 | D:3      | Reached XP level 5. HP: 26/40 MP: 4/11
  1628 | D:3      | Found a faded altar of an unknown god.
  1648 | D:3      | Became a worshipper of Makhleb the Destroyer
  1648 | D:3      | Reached * piety under Makhleb
  1685 | D:3      | Learned a level 4 spell: Sticky Flame
  1691 | D:3      | Learned a level 5 spell: Fireball
  1962 | D:3      | Found a stormy altar of Qazlal.
  1986 | D:3      | Found a hazy altar of Hepliaklqana.
  2037 | D:3      | Reached skill level 1 in Long Blades
  2103 | D:3      | Reached XP level 6. HP: 14/48 MP: 5/12
  2451 | D:3      | Reached ** piety under Makhleb
  2572 | D:3      | Found a hide-covered altar of Uskayaw.
  2844 | D:4      | Noticed Blork the orc
  3032 | D:4      | Killed Blork the orc
  3149 | D:4      | Found a snail-covered altar of Cheibriados.
  3424 | D:4      | Noticed Menkaure
  3435 | D:4      | Killed Menkaure
  3435 | D:4      | Your scales start taking on a rich purple colour.
  3435 | D:4      | Reached skill level 5 in Spellcasting
  3435 | D:4      | Reached XP level 7. HP: 25/55 MP: 10/15
  3544 | D:4      | Found an opulent altar of Gozag.
  3558 | D:4      | Found a basalt altar of Yredelemnul.
  3932 | D:5      | Entered Level 5 of the Dungeon
  4082 | D:5      | Found a staircase to the Ecumenical Temple.
  4183 | D:5      | Reached XP level 8. HP: 58/63 MP: 13/16
  4244 | D:5      | Found Luziany's Food Shoppe.
  4278 | D:5      | Reached skill level 6 in Spellcasting
  4337 | D:5      | Reached *** piety under Makhleb
  4526 | D:5      | Found a shattered altar of Ashenzari.
  5369 | D:6      | Identified the Catalogue of Dark Rituals and Bewitchment
  5375 | D:6      | Learned a level 3 spell: Regeneration
  5821 | D:6      | Reached skill level 5 in Long Blades
  6330 | D:7      | Found a bloodstained altar of Trog.
  6350 | D:7      | Reached skill level 5 in Conjurations
  6350 | D:7      | Reached XP level 9. HP: 70/71 MP: 11/18
  6404 | D:7      | Found a burning altar of Makhleb.
  6478 | D:7      | Found an iron altar of Okawaru.
  6517 | D:7      | Reached skill level 5 in Fire Magic
  6751 | D:7      | Found a shadowy altar of Dithmenos.
  6765 | D:7      | Reached skill level 7 in Spellcasting
  6819 | D:7      | Found a shimmering altar of Xom.
  7171 | D:7      | Gained mutation: You are frail. (-10% HP) [potion of
                  | mutation]
  7171 | D:7      | Gained mutation: Your flesh is cold resistant. (rC+)
                  | [potion of mutation]
  7198 | D:7      | Mangled by an iguana

Vault maps used:
D:1:      dpeg_arrival_tiny_h
D:2:      first_ration, kennysheep_generic_room_6, uniq_robin, uniq_jessica
D:3:      marbit_many_paths, lemuel_round_altar, lemuel_doored_altar,
          chequers_ecumenical_altar_simple, roderic_batcave
D:4:      nicolae_gozag_seed_capital, cheibriados_altar_1,
          yredelemnul_altar_generic, serial_bayou_lagoon_b, uniq_menkaure,
          uniq_blork_the_orc
D:5:      nicolae_ashenzari_panopticon, temple_fountains, serial_shops, shop
D:7:      kennysheep_windowed_halls, lemuel_coloured_pillars_altar,
          lemuel_crystal_altar, trog_ov_bears_minmay, grunt_dithmenos_shadows,
          lemuel_round_altar, grunt_ogre_cave

Skill      XL: |  1  2  3  4  5  6  7  8  9 |
---------------+----------------------------+-----
Spellcasting   | 3 4 5 6 7 |  7.2
Polearms       | 1 2 |  2.3
Fighting       | 1 2 3 |  3.8
Dodging        | 2 3 |  3.6
Long Blades    | 1 3 5 |  5.9
Stealth        | 2 3 |  3.0
Conjurations   | 2 3 5 |  5.3
Fire Magic     | 4 5 |  5.5

Action                   |  1- 3 |  4- 6 |  7- 9 || total
-------------------------+-------+-------+-------++-------
Melee: Unarmed           |     9 |       |       ||     9
       Spear             |    98 |    31 |       ||   129
       Tailslap          |     9 |    17 |    27 ||    53
       Long sword        |       |    86 |   193 ||   279
       Rapier            |       |       |     8 ||     8
Throw: Stone             |     1 |     5 |    24 ||    30
 Cast: Flame Tongue      |    35 |    95 |   153 ||   283
       Sticky Flame      |       |       |     1 ||     1
 Abil: Breathe Dispellin |       |       |     1 ||     1
  Use: Scroll            |       |       |     8 ||     8
       Potion            |       |       |     3 ||     3
 Stab: Sleeping          |     1 |     4 |     4 ||     9
  Eat: Chunk             |     1 |     8 |    12 ||    21
Armor: Skin              |    26 |    70 |   104 ||   200
Dodge: Dodged            |    67 |   133 |   175 ||   375
       Rpst.: Long sword |       |    38 |    46 ||    84

Table legend:
 A = Non-vault XP
 B = Vault XP
 C = Vault XP percentage of total XP
 D = Non-vault monster count
 E = Vault monster count
 F = Vault count percentage of total count
                 A         B        C        D         E       F
            +---------+---------+-------+---------+---------+-------
      Total |    2963 |     947 |  24.2 |     136 |      34 |  20.0
            +---------+---------+-------+---------+---------+-------
        D:1 |      52 |       0 |   0.0 |      25 |       0 |   0.0
        D:2 |      48 |      80 |  62.5 |      11 |      16 |  59.3
        D:3 |     169 |      74 |  30.5 |      22 |      10 |  31.2
        D:4 |     538 |     263 |  32.8 |      22 |       2 |   8.3
        D:5 |     568 |       0 |   0.0 |      16 |       0 |   0.0
        D:6 |     764 |       0 |   0.0 |      16 |       0 |   0.0
        D:7 |     824 |     530 |  39.1 |      24 |       6 |  20.0
            +---------+---------+-------+---------+---------+-------
